 Dungeon Crawl Stone Soup version 0.20.1-1-g8b1a95d (webtiles) character file.

292521 robertstho the Executioner (level 19, -1/188 HPs)
             Began as a Minotaur Berserker on Aug 11, 2017.
             Was a High Priest of Trog.
             Killed from afar by a deep elf mage (31 damage)
             ... with a bolt of lightning
             ... on level 2 of the Elven Halls.
             The game lasted 03:18:59 (48175 turns).

robertstho the Executioner (Minotaur Berserker)    Turns: 48175, Time: 03:19:00

Health: -1/188     AC: 23    Str: 25    XL:     19   Next: 99%
Magic:  6/6        EV: 14    Int:  5    God:    Trog [*****.]
Gold:   2650       SH:  3    Dex: 14    Spells: 18/18 levels left

rFire    . . .     SeeInvis +   B - +7 executioner's axe (antimagic)
rCold    . . .     Gourm    .   (shield currently unavailable)
rNeg     . . .     Faith    .   P - +1 plate armour
rPois    +         Spirit   .   b - +2 hat
rElec    .         Reflect  +   t - scarf {cloud immunity}
rCorr    .         Harm     .   d - +2 pair of gloves
MR       +....                  i - +2 pair of boots {run}
Stlth    ..........             p - +3 amulet of reflection
Regen    0.5/turn               f - ring of poison resistance
MPRegen  0.1/turn               y - ring "Fesini Kolip" {+Fly SInv}

@: berserk cooldown, slowed, drained, very slow
A: retaliatory headbutt, horns 2, deformed body
}: 2/15 runes: barnacled, gossamer
a: Berserk, Trog's Hand, Brothers in Arms, Burn Spellbooks, Renounce Religion,
Evoke Flight


You were on level 2 of the Elven Halls.
You worshipped Trog.
Trog was extremely pleased with you.
You were not hungry.

You visited 7 branches of the dungeon, and saw 35 of its levels.
You also visited: Labyrinth, Bailey and Ice Cave.

You collected 3460 gold pieces.
You spent 810 gold pieces at shops.

Inventory:

Hand Weapons
 r - the +9 broad axe of Trog's Reproof {holy, rElec rF+ rC- Str+4}
   (Trog gifted it to you on level 1 of the Lair of Beasts)

   It has been blessed by the Shining One to cause great damage to the undead
   and demons.
   It affects your strength (+4).
   It protects you from fire.
   It makes you vulnerable to cold.
   It insulates you from electricity.
 B - a +7 antimagic executioner's axe (weapon)
 F - a +1 scimitar of flaming
Missiles
 A - 9 tomahawks of returning (quivered)
Armour
 b - a +2 hat (worn)
 d - a +2 pair of gloves (worn)
 i - a +2 pair of boots of running (worn)
 t - a scarf of cloud immunity (worn)
 D - a +2 buckler of cold resistance
 P - a +1 plate armour (worn)
 V - +0 ice dragon scales
Jewellery
 a - an uncursed ring of protection from magic
 f - a ring of poison resistance (left hand)
 p - a +3 amulet of reflection (around neck)
 v - an uncursed ring of positive energy
 w - an uncursed ring of resist corrosion
 y - the ring "Fesini Kolip" (right hand) {+Fly SInv}
   (You found it on level 11 of the Dungeon)

   [ring of flight]

   It lets you see invisible.
   It lets you fly.
 Z - a +4 ring of protection
Wands
 g - a wand of lightning (0/15)
 n - a wand of lightning (10/15)
 G - a wand of digging (5/24)
 H - a wand of clouds (3/9)
 J - a wand of iceblast (7/15)
 L - a wand of disintegration (11/24)
 R - a wand of lightning (7/15)
 S - a wand of scattershot (6/9)
 T - a wand of clouds (7/9)
 X - a wand of clouds (2/9)
 Y - a wand of disintegration (14/24)
Scrolls
 q - 3 scrolls of remove curse
 s - 2 scrolls of fog
 E - 6 scrolls of fear
 K - 6 scrolls of teleportation
 M - a scroll of brand weapon
 N - 4 scrolls of blinking
 O - 6 scrolls of recharging
 U - 7 scrolls of identify
 W - 3 scrolls of magic mapping
Potions
 j - 2 potions of cancellation
 k - 2 potions of ambrosia
 m - 5 potions of flight
 o - 2 potions of invisibility
 u - 4 potions of agility
 x - 3 potions of might
 C - a potion of haste
Miscellaneous
 Q - a lamp of fire
Comestibles
 c - 17 bread rations
 h - 24 fruits
 z - 5 royal jellies


   Skills:
 * Level 20.8(19.5) Fighting
 * Level 25.4(24.0) Axes
 - Level 4.0(3.1) Throwing
 * Level 18.1(16.8) Armour
 * Level 13.2(12.1) Dodging
 + Level 2.0(1.2) Stealth
 + Level 8.1(7.1) Shields
 + Level 0.1(0.0) Evocations


You had 18 spell levels left.
You didn't know any spells.

Dungeon Overview and Level Annotations

Branches:
Dungeon (15/15)            Temple (0/1) D:4            Lair (6/6) D:10
 Shoals (4/4) Lair:3       Spider (4/4) Lair:2        Slime (0/5) Lair:5
    Orc (2/2) D:12            Elf (2/3) Orc:2        Vaults (0/5) D:13
 Depths (2/5) D:15

Altars:
Fedhas
Kikubaaqudgha
Nemelex Xobeh
Trog
Beogh
Jiyva

Shops:
D:8 }   Orc:2 !([(   Shoals:3 *   Shoals:4 (

Portals:
Hell: Depths:1
Abyss: Depths:1


Innate Abilities, Weirdness & Mutations

You reflexively headbutt those who attack you in melee.
You have a pair of horns on your head.
Armour fits poorly on your strangely shaped body.


Message History

You butcher the elf corpse.
l - a chunk of flesh
Items here: ( )) [ an uncursed short sword; an uncursed shortbow; 5 arrows; a leather armour Eat a chunk of flesh? (ye/n/q)
You eat the chunk of flesh.
This raw flesh tastes terrible.
You start resting.
You feel yourself slow down.
You start resting.
Your magical contamination has completely faded away.
You start resting.
A deep elf mage comes into view. It is wielding a short sword.
You see here 3 arrows.
Things that are here:
a short sword; a glowing chain mail; an arrow You start resting.
The deep elf mage shouts!
The deep elf mage gestures at you while chanting.
The bolt of lightning hits you!
You die...

#### ##### #### ## ##
###..####.#.####..####.## #.#
##....##.....##.())##...##...
..........#....)..)).((......
........#####...).).........
..........#....).)e.....#..
...#...........(@#)....##
..###..........)###...## .##
####'''('#### ##..e# .##
##...## #.)..# ..##
####...#### #......... .).#
#≈≈≈...≈≈≈# #........... ).##
#≈...≈...≈# ##..........
)#####≈..≈≈≈..≈#####.........
.###....≈≈#≈≈....# #.........


You could see a deep elf mage.

Vanquished Creatures
  Sojobo (Depths:1)
  Saint Roka (Orc:2)
  Arachne (Spider:4)
  A deep elf blademaster (Elf:2)
  Frances (Elf:1)
  Kirke (Spider:4)
  2 tengu reavers (Depths:1)
  Roxanne (Shoals:2)
  The ghost of Ruich the Warrior, an adept VSBe of Trog (Spider:3)
  2 fire giants (Depths:1)
  6 ghost moths (Spider:4)
  A frost giant (Shoals:4)
  Aizul (Shoals:1)
  8 emperor scorpions
  4 very ugly things (Depths:2)
  The ghost of Golfball the Fighter, a journeyman MiBe of Trog (Orc:1)
  4 entropy weavers
  A deep elf annihilator (Elf:1)
  2 stone giants
  4 spark wasps (Spider:4)
  5 merfolk javelineers
  7 merfolk impalers (Shoals:4)
  A minotaur (Lab)
  A deep elf death mage (Elf:2)
  3 great orbs of eyes
  Josephine (D:15)
  The ghost of jiveturtle the Grappler, a journeyman TrMo of Makhleb (Lab)
  A yaktaur captain (Depths:1)
  2 spriggan air magi (Depths:2)
  5 centaur warriors
  A hell beast (Depths:1)
  2 merfolk avatars
  3 catoblepae
  4 merfolk aquamancers
  6 hydras
  4 alligator snapping turtles
  A death knight (D:13)
  Erica (D:8)
  An ogre mage (D:15)
  A deep troll shaman (Depths:1)
  A satyr (Shoals:4)
  A tengu warrior (D:13)
  A queen ant (D:9)
  13 two-headed ogres
  Urug (Lair:4)
  19 dancing weapons
  The ghost of Larett the Fighter, a novice MiBe of Trog (D:8)
  2 vampire magi (Depths:1)
  A sun demon (Depths:1)
  3 orc high priests
  3 death yaks (Lair:5)
  7 skeletal warriors (D:15)
  12 deep elf knights
  A fire crab (D:13)
  A glowing orange brain (Depths:1)
  15 sea snakes
  3 deep trolls (Depths:1)
  3 wizards
  3 unseen horrors
  6 deep elf archers
  2 orc knights (Orc:2)
  A necromancer (D:13)
  3 orc sorcerers
  43 deep elf magi
  32 harpies
  19 orb spiders
  31 ugly things
  10 slime creatures
  36 wolf spiders
  A moth of wrath (Spider:4)
  12 manticores
  An oklob plant (Lair:2)
  4 black mambas
  A rust devil (Depths:1)
  7 cyclopes
  2 ice statues (IceCv)
  Joseph (Lair:1)
  9 water nymphs
  7 merfolk sirens
  16 elephants
  17 spiny frogs
  2 naga magi (D:15)
  Psyche (D:8)
  4 centaur skeletons
  A gargoyle (D:13)
  2 torpor snails (Spider:4)
  6 yaktaurs
  2 kobold demonologists (D:13)
  5 rime drakes
  8 komodo dragons
  A freezing wraith (D:15)
  8 demonic crawlers
  11 ice devils
  A yaktaur skeleton (Depths:1)
  6 trolls
  28 jumping spiders
  A troll (shapeshifter) (Depths:2)
  2 polar bears (Lair:6)
  25 merfolk
  11 hornets
  5 wind drakes
  11 hippogriffs
  A hippogriff (shapeshifter) (D:15)
  11 snapping turtles
  14 dream sheep
  A shadow (D:13)
  An air elemental (Elf:1)
  74 redbacks
  A vampire (D:11)
  15 water elementals
  3 wyverns
  53 yaks
  17 tarantellas
  4 hogs (Spider:4)
  5 wraiths
  4 basilisks
  A fire elemental (Elf:2)
  2 hungry ghosts
  3 wargs (Orc:2)
  21 soldier ants
  13 water moccasins
  Duvessa (D:6)
  11 porcupines
  A black bear (D:9)
  An ice beast (D:7)
  6 sky beasts
  41 orc warriors
  2 boggarts (Depths:2)
  4 phantoms
  A necrophage (D:11)
  An eye of draining (D:15)
  14 ogres
  10 centaurs
  6 wolves (Lair:6)
  19 crocodiles
  A big kobold (D:13)
  18 bullfrogs
  An earth elemental (Elf:1)
  Dowan (D:6)
  A scorpion (D:6)
  17 killer bees
  9 wights
  8 howler monkeys
  An electric eel (Spider:1)
  A lava snake (D:11)
  9 crimson imps
  6 jellies
  4 centaur zombies
  A quasit (D:9)
  22 orc priests
  10 hounds
  34 orc wizards
  24 worker ants
  3 iguanas
  4 hell rats (Lair:6)
  A killer bee zombie (D:8)
  2 hound zombies
  2 hound skeletons
  A howler monkey zombie (D:8)
  2 gnolls
  2 howler monkey skeletons
  12 adders
  5 shadow imps
  22 white imps
  5 ufetubi (IceCv)
  An ooze (D:3)
  An adder skeleton (D:6)
  4 adder zombies
  A worm (D:3)
  A dart slug (D:4)
  7 leopard geckos
  107 orcs
  4 giant cockroaches
  10 goblins
  6 hobgoblins
  16 jackals
  19 kobolds
  4 quokkas
  A ball python (D:1)
  10 bats
  4 frilled lizards
  A jackal zombie (D:6)
  A quokka skeleton (D:6)
  11 rats
  2 fungi (Lair:6)
  9 plants
1399 creatures vanquished.

Vanquished Creatures (collateral kills)
  Ilsuiw (Shoals:4)
  An emperor scorpion (Spider:4)
  3 very ugly things (Depths:2)
  3 merfolk javelineers (Shoals:4)
  A merfolk impaler (Shoals:4)
  2 merfolk avatars
  A dancing weapon (Elf:2)
  A tengu warrior (Depths:2)
  A spriggan berserker (Depths:2)
  2 sea snakes
  A deep elf archer (Elf:2)
  An ugly thing (Depths:2)
  An orb spider (Spider:4)
  A manticore (D:11)
  A deep elf mage (Elf:2)
  A naga mage (D:15)
  A merfolk siren (Shoals:4)
  A torpor snail (Lair:4)
  A kobold demonologist (D:11)
  A merfolk (Shoals:1)
  A polar bear (Lair:4)
  2 hippogriffs (Lair:4)
  A yak (Lair:4)
  2 orc warriors (Bailey)
  A crocodile (Lair:4)
  2 big kobolds (D:11)
  A centaur zombie (D:11)
  A jelly (D:11)
  An orc wizard (Orc:2)
  2 orcs (Orc:2)
  3 kobolds (D:11)
43 creatures vanquished.

Vanquished Creatures (others)
  A reaper (IceCv)
  A merfolk aquamancer (Shoals:1)
  A tarantella (Spider:4)
  A boggart (Depths:2)
  5 white imps (IceCv)
  An ufetubus (IceCv)
  13 fungi
  21 plants
  4 tentacles (Shoals:4)
48 creatures vanquished.

Grand Total: 1490 creatures vanquished

Notes
Turn   | Place    | Note
-------+----------+-------------------------------------------
     0 | D:1      | robertstho the Minotaur Berserker began the quest for the Orb.
     0 | D:1      | Reached XP level 1. HP: 19/19 MP: 0/0
    80 | D:1      | Reached skill level 4 in Axes
   177 | D:1      | Reached XP level 2. HP: 27/27 MP: 1/1
   853 | D:2      | Reached XP level 3. HP: 29/33 MP: 2/2
   926 | D:2      | Reached ** piety under Trog
   977 | D:2      | Reached XP level 4. HP: 41/41 MP: 3/3
  1017 | D:2      | Reached skill level 5 in Axes
  1384 | D:3      | You fall through a shaft!
  1461 | D:4      | Noticed an ogre
  1469 | D:4      | Killed an ogre
  1469 | D:4      | Reached skill level 1 in Shields
  1469 | D:4      | Reached XP level 5. HP: 19/47 MP: 4/4
  1472 | D:4      | Reached skill level 6 in Axes
  1472 | D:4      | Reached *** piety under Trog
  1550 | D:4      | Reached skill level 5 in Fighting
  1550 | D:4      | Reached XP level 6. HP: 34/56 MP: 5/5
  1792 | D:4      | Found a staircase to the Ecumenical Temple.
  2209 | D:4      | Reached skill level 7 in Axes
  2356 | D:4      | Reached XP level 7. HP: 61/61 MP: 6/6
  2927 | D:5      | Entered Level 5 of the Dungeon
  2987 | D:5      | Reached **** piety under Trog
  3009 | D:5      | Reached skill level 8 in Axes
  3036 | D:5      | You fall through a shaft for 2 floors!
  3052 | D:7      | Found a blossoming altar of Fedhas.
  3136 | D:7      | Reached skill level 5 in Armour
  3239 | D:7      | Reached XP level 8. HP: 61/70 MP: 7/7
  3297 | D:7      | Reached skill level 9 in Axes
  3390 | D:7      | Found a flagged portal.
  3398 | Bailey   | Entered a bailey
  3558 | Bailey   | Reached skill level 1 in Throwing
  3775 | Bailey   | Found an iron altar of Okawaru.
  4258 | D:8      | Noticed Erica
  4266 | D:8      | Reached XP level 9. HP: 79/79 MP: 8/8
  4272 | D:8      | Killed Erica
  4272 | D:8      | Reached skill level 10 in Axes
  4398 | D:7      | Reached skill level 5 in Shields
  4628 | D:6      | Noticed Dowan
  4629 | D:6      | Noticed Duvessa
  4637 | D:6      | Killed Duvessa
  4638 | D:6      | Killed Dowan
  4689 | D:6      | Reached skill level 11 in Axes
  5030 | D:8      | Found Gustrih's Gadget Emporium.
  5096 | D:8      | Noticed Psyche
  5104 | D:8      | Noticed Larett's ghost (novice MiBe)
  5107 | D:8      | Killed Psyche
  5107 | D:8      | Reached XP level 10. HP: 88/88 MP: 9/9
  5111 | D:8      | Killed Larett's ghost
  5324 | D:9      | Received a gift from Trog
  5330 | D:9      | Reached skill level 12 in Axes
  5365 | D:9      | Noticed a queen ant
  5381 | D:9      | Killed a queen ant
  5381 | D:9      | Reached skill level 13 in Axes
  5401 | D:9      | Reached skill level 5 in Dodging
  5979 | D:9      | Reached XP level 11. HP: 81/97 MP: 10/10
  6251 | D:9      | Reached ***** piety under Trog
  6341 | D:9      | Reached skill level 14 in Axes
  6954 | D:9      | Received a gift from Trog
  7002 | D:10     | Entered Level 10 of the Dungeon
  7020 | D:10     | Noticed a two-headed ogre
  7241 | D:10     | Killed a two-headed ogre
  7311 | D:10     | Found a staircase to the Lair.
  7620 | D:10     | Killed an unseen horror
  7620 | D:10     | Reached skill level 10 in Fighting
  7947 | D:11     | Reached skill level 15 in Axes
  7967 | D:11     | Noticed a two-headed ogre
  7976 | D:11     | Killed a two-headed ogre
  8271 | D:11     | Reached XP level 12. HP: 102/108 MP: 11/11
  8457 | D:11     | Got a pitted marble ring
  8459 | D:11     | Identified the ring "Fesini Kolip" {+Fly SInv} (You found it on level 11 of the Dungeon)
  8833 | D:12     | Noticed a two-headed ogre
  8839 | D:12     | Killed a two-headed ogre
  8938 | D:12     | Found a staircase to the Orcish Mines.
  8958 | D:12     | Reached skill level 10 in Armour
  9072 | D:12     | Reached skill level 16 in Axes
  9209 | D:12     | Noticed a two-headed ogre
  9216 | D:12     | Killed a two-headed ogre
  9333 | D:12     | Received a gift from Trog
  9403 | D:13     | Noticed a tengu warrior
  9416 | D:13     | Killed a tengu warrior
  9441 | D:13     | Noticed a centaur warrior
  9448 | D:13     | Killed a centaur warrior
  9799 | D:13     | Received a gift from Trog
  9830 | D:13     | Noticed a two-headed ogre
  9830 | D:13     | Noticed a two-headed ogre
  9830 | D:13     | Noticed a two-headed ogre
  9841 | D:13     | Killed a two-headed ogre
  9842 | D:13     | Killed a two-headed ogre
  9848 | D:13     | Killed a two-headed ogre
  9848 | D:13     | Reached skill level 17 in Axes
 10151 | D:13     | Found a gate to the Vaults.
 10368 | D:13     | Noticed a death knight
 10377 | D:13     | Killed a death knight
 10377 | D:13     | Reached XP level 13. HP: 69/118 MP: 4/12
 10697 | D:13     | Reached skill level 1 in Stealth
 11450 | D:15     | Entered Level 15 of the Dungeon
 11633 | D:15     | Found a staircase to the Depths.
 11643 | D:15     | Reached skill level 18 in Axes
 11772 | D:15     | Noticed Josephine
 11779 | D:15     | Killed Josephine
 11795 | D:15     | Found a labyrinth entrance.
 11804 | Lab      | Entered a labyrinth
 17765 | Lab      | Noticed jiveturtle's ghost (journeyman TrMo)
 17776 | Lab      | Killed jiveturtle's ghost
 20214 | Lab      | Noticed a minotaur
 20219 | Lab      | Killed a minotaur
 20221 | Lab      | Identified Dispater's Guide on Creative Attacks
 20243 | Lab      | Received a gift from Trog
 20670 | D:15     | Reached XP level 14. HP: 122/129 MP: 13/13
 21657 | D:15     | Reached skill level 19 in Axes
 22115 | Lair:1   | Entered Level 1 of the Lair of Beasts
 22504 | Lair:1   | Received a gift from Trog
 22509 | Lair:1   | Got a smoking broad axe {god gift}
 22510 | Lair:1   | Identified the +9 broad axe of Trog's Reproof {holy, rElec rF+ rC- Str+4} (Trog gifted it to you on level 1 of the Lair of Beasts)
 22514 | Lair:1   | Noticed Joseph
 22522 | Lair:1   | Killed Joseph
 23266 | Lair:1   | Found a sparkling altar of Nemelex Xobeh.
 23892 | Lair:2   | Found a hole to the Spider Nest.
 24477 | Lair:3   | Found a frozen archway.
 24502 | IceCv    | Entered an ice cave
 24584 | IceCv    | Got a pair of ancient boots
 24595 | IceCv    | Identified the -6 pair of boots of Qocs {-Cast rCorr Str+6} (You found it in an ice cave)
 24753 | IceCv    | Noticed a reaper
 24757 | IceCv    | Killed a reaper
 25096 | Lair:3   | Received a gift from Trog
 25322 | Lair:3   | Found a staircase to the Shoals.
 25565 | Lair:4   | Noticed Urug
 25575 | Lair:4   | Killed Urug
 25575 | Lair:4   | Reached XP level 15. HP: 36/139 MP: 14/14
 25775 | Lair:4   | Reached skill level 15 in Fighting
 26456 | Lair:5   | Found a viscous altar of Jiyva.
 26461 | Lair:5   | Found a staircase to the Slime Pits.
 26591 | Lair:5   | Reached skill level 20 in Axes
 26910 | Lair:6   | Entered Level 6 of the Lair of Beasts
 26911 | Lair:6   | Found a bloodstained altar of Trog.
 26989 | Lair:6   | Received a gift from Trog
 27457 | Lair:6   | Reached skill level 10 in Dodging
 27838 | Lair:6   | Got a pitted plate armour
 27865 | Lair:6   | Identified the cursed +1 plate armour "Ozemioxt" {rF- Str+4 Stlth+} (You found it on level 6 of the Lair of Beasts)
 28219 | Shoals:1 | Entered Level 1 of the Shoals
 28940 | Shoals:1 | Noticed Aizul
 28955 | Shoals:1 | Killed Aizul
 29613 | Shoals:2 | Received a gift from Trog
 29613 | Shoals:2 | Reached XP level 16. HP: 133/152 MP: 15/15
 29686 | Shoals:2 | Reached skill level 15 in Armour
 29733 | Shoals:2 | Reached skill level 21 in Axes
 29763 | Shoals:2 | Noticed Roxanne
 29779 | Shoals:2 | Killed Roxanne
 29788 | Shoals:2 | Got a smoking war axe
 29789 | Shoals:2 | Identified the +5 war axe of the Black Skies {chop, rF++ Dex-5} (You found it on level 2 of the Shoals)
 30712 | Shoals:3 | Found Doulaq's Assorted Antiques.
 30758 | Shoals:3 | Bought a shiny emerald ring for 165 gold pieces
 30758 | Shoals:3 | Bought a glowing bone ring for 165 gold pieces
 31336 | Shoals:3 | Identified a +2 pair of boots of running (You found it on level 3 of the Shoals)
 31509 | Shoals:4 | Entered Level 4 of the Shoals
 31884 | Shoals:4 | Got a polished hand axe {venom}
 31885 | Shoals:4 | Identified the cursed +1 hand axe of Death {venom, *Noise rF+ MR+ Str+3} (You took it off a merfolk on level 4 of the Shoals)
 32714 | Shoals:4 | Noticed Ilsuiw
 32721 | Shoals:4 | Killed Ilsuiw
 32721 | Shoals:4 | Received a gift from Trog
 33494 | Shoals:4 | Found Orylekhla's Weapon Boutique.
 33860 | Shoals:4 | Reached XP level 17. HP: 163/163 MP: 16/16
 34690 | Shoals:4 | Got a barnacled rune of Zot
 35088 | Orc:1    | Entered Level 1 of the Orcish Mines
 35119 | Orc:1    | Received a gift from Trog
 35123 | Orc:1    | Noticed Golfball's ghost (journeyman MiBe)
 35132 | Orc:1    | Received a gift from Trog
 35138 | Orc:1    | Killed Golfball's ghost
 35390 | Orc:2    | Entered Level 2 of the Orcish Mines
 35409 | Orc:2    | Found a roughly hewn altar of Beogh.
 35648 | Orc:2    | Found a roughly hewn altar of Beogh.
 35679 | Orc:2    | Found Ruel Vugh's Distillery.
 35687 | Orc:2    | Bought a potion of curing for 45 gold pieces
 35687 | Orc:2    | Bought a potion of haste for 150 gold pieces
 35687 | Orc:2    | Bought a potion of curing for 45 gold pieces
 35687 | Orc:2    | Bought a potion of heal wounds for 75 gold pieces
 35687 | Orc:2    | Bought a potion of cancellation for 120 gold pieces
 35687 | Orc:2    | Bought a potion of curing for 45 gold pieces
 35824 | Orc:2    | Found a roughly hewn altar of Beogh.
 35824 | Orc:2    | Found Tytosas's Antique Weapon Boutique.
 35973 | Orc:2    | Found a roughly hewn altar of Beogh.
 35990 | Orc:2    | Found a roughly hewn altar of Beogh.
 36124 | Orc:2    | Received a gift from Trog
 36125 | Orc:2    | Reached ****** piety under Trog
 36140 | Orc:2    | Noticed Saint Roka
 36171 | Orc:2    | Killed Saint Roka
 36171 | Orc:2    | Reached skill level 22 in Axes
 36448 | Orc:2    | Found Huefexug's Antique Armour Boutique.
 36453 | Orc:2    | Found Makhlecs's Antique Weapon Shop.
 36454 | Orc:2    | Found a roughly hewn altar of Beogh.
 36589 | Orc:2    | Found a roughly hewn altar of Beogh.
 36668 | Orc:2    | Found a roughly hewn altar of Beogh.
 36756 | Orc:2    | Found a staircase to the Elven Halls.
 36943 | Spider:1 | Entered Level 1 of the Spider Nest
 37046 | Spider:1 | Received a gift from Trog
 38727 | Spider:2 | Received a gift from Trog
 38746 | Spider:2 | Got a steaming war axe {god gift}
 38747 | Spider:2 | Identified the +8 war axe "Beetleslayer" {chop, rPois} (Trog gifted it to you on level 2 of the Spider Nest)
 39737 | Spider:3 | Noticed Ruich's ghost (adept VSBe)
 39759 | Spider:3 | Killed Ruich's ghost
 40312 | Spider:3 | Reached XP level 18. HP: 174/174 MP: 5/17
 40483 | Spider:3 | Received a gift from Trog
 40707 | Spider:4 | Entered Level 4 of the Spider Nest
 40748 | Spider:4 | Received a gift from Trog
 40763 | Spider:4 | Reached skill level 23 in Axes
 41001 | Spider:4 | Noticed Kirke
 41010 | Spider:4 | Killed Kirke
 42573 | Spider:4 | Received a gift from Trog
 42836 | Spider:4 | Noticed Arachne
 42852 | Spider:4 | Killed Arachne
 43595 | Spider:4 | Got a gossamer rune of Zot
 43882 | Depths:1 | Entered Level 1 of the Depths
 44125 | Depths:1 | Reached skill level 24 in Axes
 44702 | Depths:1 | Found a one-way gate to the infinite horrors of the Abyss.
 44733 | Depths:1 | Reached XP level 19. HP: 184/184 MP: 6/18
 44817 | Depths:1 | Noticed Sojobo
 44837 | Depths:1 | Killed Sojobo
 45262 | Depths:1 | Found a gateway to Hell.
 45478 | Depths:2 | Received a gift from Trog
 45505 | Depths:2 | HP: 4/185 [titan/bolt of lightning (55)]
 46110 | Elf:1    | Entered Level 1 of the Elven Halls
 46121 | Elf:1    | Received a gift from Trog
 46374 | Elf:1    | Noticed Frances
 46381 | Elf:1    | Gained mutation: Armour fits poorly on your strangely shaped body. [a neqoxec]
 46388 | Elf:1    | Killed Frances
 46701 | Elf:1    | Found an ancient bone altar of Kikubaaqudgha.
 46897 | Elf:1    | Reached skill level 25 in Axes
 46977 | Elf:2    | Received a gift from Trog
 47557 | Elf:2    | Found a huge runed gate.
 47557 | Elf:2    | Found a huge runed gate.
 47557 | Elf:2    | Found a huge runed gate.
 47557 | Elf:2    | Found a huge runed gate.
 47560 | Elf:2    | Found a huge runed gate.
 47706 | Elf:2    | Received a gift from Trog
 48144 | Elf:2    | HP: 10/282 [halberd of venom (14)]
 48175 | Elf:2    | Killed from afar by a deep elf mage

Skill      XL: |  1  2  3  4  5  6  7  8  9 10 11 12 13 14 15 16 17 18 19 |
---------------+----------------------------------------------------------+-----
Axes           | 4 5 6 7 8 9 11 13 15 17 18 19 20 21 22 24 25 | 25.4
Fighting       | 4 5 6 7 8 9 10 12 13 14 16 17 18 19 20 | 20.8
Armour         | 3 5 6 7 8 9 11 12 14 16 17 18 | 18.1
Shields        | 1 2 4 5 7 8 |  8.1
Dodging        | 3 4 5 6 7 8 9 10 11 12 13 | 13.2
Throwing       | 2 4 |  4.0
Stealth        | 1 2 |  2.0
Evocations     | |  0.1

Action                   |  1- 3 |  4- 6 |  7- 9 | 10-12 | 13-15 | 16-18 | 19-21 || total
-------------------------+-------+-------+-------+-------+-------+-------+-------++-------
Melee: Hand axe          |    84 |    96 |   163 |       |       |       |       ||   343
       Headbutt          |     6 |    16 |    54 |   132 |   278 |   392 |    76 ||   954
       Battleaxe         |       |       |   126 |   386 |   607 |       |       ||  1119
       War axe           |       |       |    17 |    78 |    41 |    77 |       ||   213
       Broad axe         |       |       |       |   128 |   304 |   569 |       ||  1001
       Scimitar          |       |       |       |     2 |    58 |       |       ||    60
       Executioner's axe |       |       |       |       |       |   888 |   348 ||  1236
Throw: Tomahawk          |       |       |    23 |       |       |       |       ||    23
Invok: Berserk           |       |     3 |     7 |     6 |    18 |    17 |     7 ||    58
       Trog's Hand       |       |       |     3 |     2 |     4 |    17 |     4 ||    30
       Brothers in Arms  |       |       |     2 |     1 |     6 |     6 |     2 ||    17
       Burn Spellbooks   |       |       |       |     3 |     4 |     6 |     3 ||    16
 Abil: Evoke Flight      |       |       |       |       |     1 |       |       ||     1
Evoke: Wand              |       |       |       |       |     3 |     1 |       ||     4
  Use: Scroll            |       |     5 |     6 |    11 |    11 |    19 |     6 ||    58
       Potion            |       |       |     3 |     2 |     1 |    12 |     8 ||    26
 Stab: Petrified         |       |       |       |       |     2 |       |       ||     2
       Distracted        |       |       |       |       |     1 |     1 |       ||     2
  Eat: Chunk             |       |     7 |    11 |    21 |    38 |    38 |     6 ||   121
       Fruit             |       |     1 |     1 |     1 |     3 |     3 |       ||     9
       Royal jelly       |       |       |     1 |       |     5 |     2 |     2 ||    10
       Bread ration      |       |       |     1 |       |       |     1 |       ||     2
       Meat ration       |       |       |       |     1 |     6 |     5 |     2 ||    14
Armor: Animal skin       |    17 |       |       |       |       |       |       ||    17
       Ring mail         |    27 |     9 |       |       |       |       |       ||    36
       Chain mail        |       |    29 |    95 |       |       |       |       ||   124
       Plate armour      |       |       |    64 |   332 |   240 |   969 |   170 ||  1775
       Ice dragon scales |       |       |       |       |   237 |       |       ||   237
Dodge: Dodged            |    58 |    41 |   169 |   270 |   532 |   878 |   150 ||  2098
Block: Buckler           |     9 |    19 |    44 |       |    57 |   175 |       ||   304
       Other             |       |       |       |       |       |    54 |    25 ||    79
       Reflection        |       |       |       |       |       |     1 |     3 ||     4
       Rpst.: Scimitar   |       |       |       |     1 |     5 |       |       ||     6
